Map: [ESL] Data-C

Players

goblin

  • Race: Protoss Protoss
  • Spawn Location: 3:00

Clem - Winner!

  • Race: Terran Terran
  • Spawn Location: 9:00

Event: DreamHack SC2 Masters 2022 Atlanta (Online)

VOD

Have the link to the VOD?

Description

Time

  • Played on: Oct. 5, 2022, 12:40 p.m.
  • Length: 13:32

All games in this series

Show
View Real Time Build Order
Export as new Build Order

goblin Protoss 

Build Orders: 1 Gate Expand, Blink Stalkers 

Get SALT Encoding   

  12  0:00  Probe  
  13  0:12  Probe  
  14  0:17  Pylon  
  14  0:24  Probe (Chrono Boost)  
  15  0:36  Probe (Chrono Boost)  
  15  0:37  Gateway  
  16  0:44  Probe (Chrono Boost)  
  16  0:46  Assimilator  
  17  0:51  Probe  
  18  1:03  Probe  
  19  1:20  Nexus  
  19  1:23  Probe  
  20  1:34  Cybernetics Core  
  20  1:36  Probe  
  21  1:40  Assimilator  
  21  1:48  Probe  
  21  1:51  Pylon  
  22  2:00  Probe (Chrono Boost)  
  23  2:07  Adept (Chrono Boost)  
  23  2:11  Warp Gate  
  23  2:12  Probe (Chrono Boost)  
  26  2:20  Probe (Chrono Boost)  
  26  2:22  Twilight Council  
  27  2:28  Probe  
  28  2:30  Stalker (Chrono Boost)  
  28  2:35  Probe  
  31  2:40  Probe  
  32  2:46  Shield Battery  
  32  2:47  Probe  
  33  2:51  Stalker  
  33  2:56  Probe  
  36  2:59  Probe  
  37  3:05  Blink (Chrono Boost)  
  37  3:09  Probe  
  38  3:13  Probe  
  39  3:21  Probe  
  39  3:23  Gateway  
  39  3:25  Probe  
  41  3:33  Probe  
  39  3:37  Probe  
  40  3:44  Robotics Facility  
  41  3:48  Probe (Chrono Boost)  
  41  3:49  Probe (Chrono Boost)  
  41  3:55  Pylon  
  42  3:59  Probe (Chrono Boost)  
  42  4:00  Probe (Chrono Boost)  
  42  4:02  Nexus  
  44  4:04  Probe  
  45  4:10  Probe  
  45  4:14  Stalker  
  45  4:16  Probe  
  49  4:18  Stalker  
  49  4:22  Probe  
  52  4:24  Pylon  
  52  4:30  Probe  
  53  4:32  Assimilator  
  53  4:34  Observer (Chrono Boost), Probe  
  53  4:36  Assimilator  
  53  4:42  Probe, Stalker x2  
  53  4:44  Pylon  
  58  4:46  Probe  
  58  4:47  Observer (Chrono Boost)  
  60  4:55  Probe  
  60  4:59  Charge, Gateway  
  61  5:00  Gateway  
  61  5:04  Probe  
  61  5:05  Shield Battery  
  62  5:08  Observer  
  62  5:10  Probe (Chrono Boost)  
  63  5:14  Probe (Chrono Boost)  
  63  5:15  Robotics Bay  
  63  5:16  Probe (Chrono Boost)  
  65  5:22  Probe (Chrono Boost)  
  65  5:24  Zealot, Sentry  
  65  5:26  Probe (Chrono Boost)  
  65  5:27  Probe (Chrono Boost)  
  72  5:29  Probe (Chrono Boost)  
  72  5:31  Probe (Chrono Boost)  
  72  5:35  Probe  
  74  5:36  Probe  
  74  5:41  Shield Battery  
  74  5:42  Probe  
  76  5:47  Stalker x2  
  80  5:52  Probe  
  80  5:55  Probe  
  82  5:57  Pylon  
  82  6:02  Stalker  
  84  6:05  Extended Thermal Lance  
  84  6:06  Pylon  
  84  6:12  Shield Battery  
  84  6:20  Zealot x3  
  84  6:22  Colossus (Chrono Boost)  
  84  6:24  Pylon  
  96  6:33  Gateway  
  96  6:34  Gateway  
  96  6:42  Zealot x2  
  96  6:43  Zealot x2  
  104  6:47  Pylon  
  104  6:48  Probe x2  
  104  6:51  Gateway  
  104  6:53  Gateway  
  95  7:04  Zealot x4  
  95  7:08  Probe  
  94  7:09  Observer (Chrono Boost)  
  94  7:12  Nexus  
  94  7:14  Pylon  
  83  7:26  Zealot  
  83  7:27  Zealot x3  
  87  7:30  Stalker x2  
  88  7:43  Probe x2  
  84  7:45  Pylon  
  84  7:48  Stalker x2  
  84  7:49  Stalker x2  
  84  7:50  Zealot  
  90  7:58  Zealot x3  
  92  7:59  Colossus (Chrono Boost)  
  97  8:09  Probe x3  
  100  8:13  Pylon  
  100  8:15  Forge  
  100  8:16  Stalker  
  100  8:17  Sentry, Forge, Stalker  
  102  8:21  Probe  
  102  8:24  Probe x2  
  102  8:25  Probe  
  106  8:34  Probe  
  106  8:37  Zealot x2  
  106  8:38  Zealot x3  
  116  8:43  Colossus  
  116  8:46  Protoss Ground Weapons Level 1 (Chrono Boost), Protoss Ground Armor Level 1 (Chrono Boost)  
  121  8:57  Stalker  
  121  9:01  Shield Battery  
  121  9:03  Zealot x6  
  122  9:19  Stalker  
  119  9:25  Zealot x3  
  116  9:31  Zealot x4  
  108  9:47  Nexus  
  108  9:49  Stalker  
  108  9:50  Stalker  
  111  9:53  Observer (Chrono Boost), Templar Archives  
  111  9:55  Stalker  
  111  9:56  Stalker  
  111  9:59  Sentry, Pylon  
  118  10:01  Shield Battery  
  118  10:04  Observer (Chrono Boost)  
  118  10:06  Probe  
  118  10:07  Probe  
  121  10:14  Shield Battery  
  121  10:18  Stalker x4  
  129  10:26  Probe x2  
  119  10:38  Zealot x3  
  119  10:42  Protoss Ground Armor Level 2 (Chrono Boost), Protoss Ground Weapons Level 2 (Chrono Boost)  
  117  10:51  Pylon  
  117  10:54  Assimilator, Pylon  
  112  10:58  Colossus (Chrono Boost), Assimilator  
  112  11:03  Probe x2  
  120  11:05  Probe  
  120  11:08  Pylon  
  121  11:15  Observer, Probe  
  122  11:20  Stalker  
  122  11:21  Shield Battery, Stalker x7  
  138  11:27  Shield Battery  
  138  11:47  Warp Prism  
  138  11:49  High Templar x4  
  138  11:53  Pylon  
  148  11:54  Archon x2  
  148  11:55  Pylon  
  148  11:57  Observer, Pylon  
  148  12:16  Zealot x4  
  156  12:23  Pylon  
  156  12:33  Pylon  
  156  12:37  Nexus  
  156  12:38  Stalker  
  156  12:39  Stalker x5  
  168  12:44  High Templar x2  
  166  12:52  Archon  
  154  13:09  High Templar x6  
  166  13:14  Archon x2  
  166  13:15  Archon, Gateway  
  166  13:17  Gateway  
  124  13:25  Zealot x2  
Show
View Real Time Build Order
Export as new Build Order

Clem Terran - Winner!

Build Orders: 1/1/1 

Get SALT Encoding   

  12  0:00  SCV  
  13  0:12  SCV  
  14  0:17  Supply Depot  
  14  0:24  SCV  
  15  0:38  SCV  
  15  0:39  Barracks  
  16  0:43  Refinery  
  16  0:50  SCV  
  16  0:53  Refinery  
  17  1:03  SCV  
  18  1:06  Supply Depot  
  18  1:15  SCV  
  19  1:29  Reaper, Orbital Command  
  20  1:41  Factory  
  20  1:54  SCV  
  21  2:06  Barracks Reactor, SCV  
  22  2:17  Command Center  
  22  2:21  SCV  
  23  2:29  Starport  
  23  2:35  Hellion  
  23  2:37  SCV  
  26  2:43  Marine x2  
  28  2:47  Supply Depot  
  28  2:49  SCV  
  29  2:58  Factory Tech Lab  
  29  3:01  Marine x2  
  31  3:09  SCV  
  34  3:21  SCV  
  34  3:22  Cyclone  
  34  3:24  Marine  
  39  3:32  Starport Tech Lab  
  39  3:33  SCV  
  35  3:35  Barracks  
  35  3:36  Orbital Command  
  35  3:41  Marine  
  36  3:43  Marine  
  36  3:45  SCV  
  38  3:50  Raven  
  40  3:57  SCV  
  40  3:59  Marine  
  40  4:02  Siege Tank, Marine  
  46  4:03  SCV  
  46  4:09  Barracks  
  47  4:12  SCV  
  47  4:15  SCV  
  49  4:17  Supply Depot  
  49  4:19  Marine  
  49  4:20  Marine  
  51  4:24  SCV  
  51  4:27  SCV  
  53  4:31  Bunker  
  53  4:36  SCV  
  54  4:39  SCV, Siege Tank  
  54  4:42  Engineering Bay  
  54  4:43  Marine  
  59  4:46  Supply Depot  
  59  4:48  SCV  
  59  4:51  Stimpack  
  59  4:52  SCV  
  61  4:55  Refinery  
  61  4:59  Marine  
  62  5:07  Supply Depot, Marine  
  62  5:08  SCV x2  
  62  5:10  Terran Infantry Weapons Level 1  
  65  5:16  Marauder  
  65  5:20  SCV x2  
  68  5:23  Marine x2  
  68  5:26  Supply Depot  
  70  5:31  Combat Shield  
  70  5:33  SCV x2  
  70  5:34  Marauder  
  74  5:38  Supply Depot, Refinery  
  74  5:41  Starport Reactor  
  74  5:42  Marine  
  75  5:43  Marine  
  75  5:46  Marauder  
  75  5:47  SCV x2  
  75  5:49  Supply Depot  
  80  5:55  Marauder  
  82  5:59  SCV  
  82  6:04  Marine x2  
  84  6:05  Factory Reactor  
  84  6:07  Marauder  
  86  6:16  Command Center  
  86  6:19  Medivac x2  
  86  6:20  Marauder  
  86  6:22  Marine  
  86  6:23  Marine  
  86  6:24  Supply Depot  
  86  6:25  SCV  
  95  6:26  SCV  
  95  6:31  Marauder  
  98  6:34  Concussive Shells  
  98  6:35  Supply Depot  
  94  6:41  SCV, Marauder  
  94  6:42  SCV  
  94  6:44  Marine  
  94  6:45  Marine  
  100  6:47  Barracks  
  100  6:49  Barracks  
  100  6:53  Medivac  
  102  6:54  Medivac  
  102  7:01  Widow Mine x2  
  103  7:03  Marine x2  
  103  7:05  SCV x2  
  101  7:08  Marauder  
  101  7:10  Marauder  
  103  7:21  Supply Depot, Marine  
  96  7:24  SCV  
  96  7:28  Marine  
  96  7:30  Marauder  
  96  7:31  Widow Mine x2  
  96  7:32  Marauder  
  96  7:36  Medivac x2  
  105  7:38  Barracks Reactor, SCV, Barracks Tech Lab  
  105  7:42  Marine  
  107  7:47  Marine  
  107  7:49  SCV  
  109  7:51  Marauder  
  109  7:52  Orbital Command  
  109  7:53  Marauder  
  109  7:55  SCV  
  109  7:58  Widow Mine x2  
  116  8:01  SCV  
  116  8:02  Marine x2  
  119  8:07  SCV  
  119  8:08  Marine  
  119  8:10  Medivac  
  121  8:12  Marauder  
  121  8:13  SCV  
  121  8:14  Marauder  
  121  8:15  Marine  
  121  8:17  Medivac  
  121  8:18  SCV  
  121  8:19  Marine  
  124  8:20  Marine  
  124  8:21  Marauder  
  124  8:24  Supply Depot, Terran Infantry Armor Level 1  
  124  8:25  SCV  
  124  8:26  SCV  
  129  8:27  Marine  
  129  8:31  Widow Mine x2  
  134  8:35  SCV  
  134  8:36  Marine  
  134  8:38  SCV  
  134  8:39  Marauder x2  
  134  8:40  Supply Depot  
  141  8:45  SCV  
  141  8:46  Marauder  
  141  8:47  SCV  
  145  8:49  Bunker, Marine  
  145  8:50  Supply Depot, Marine x2  
  145  8:52  Refinery  
  145  8:53  Refinery  
  145  8:55  Marine  
  148  9:02  Medivac x2, Marauder, Widow Mine x2  
  157  9:05  Marine  
  157  9:07  Marine  
  157  9:09  Marine x2  
  150  9:10  SCV  
  150  9:12  Marine  
  145  9:21  Armory  
  145  9:22  Engineering Bay, Marine  
  145  9:23  Supply Depot, Marauder  
  145  9:24  Marauder  
  149  9:25  Marauder  
  149  9:31  Command Center  
  148  9:34  Marine  
  148  9:38  Viking  
  145  9:40  Viking  
  145  9:44  Widow Mine  
  145  9:45  Marauder x2  
  149  9:46  Marauder  
  149  9:47  SCV x2  
  149  9:50  Supply Depot  
  153  9:53  Marine x2  
  153  9:58  Widow Mine, Marine x2  
  159  10:01  Supply Depot  
  159  10:06  Marauder  
  161  10:08  Ghost Academy, Viking, Marauder  
  161  10:09  Supply Depot  
  161  10:10  Widow Mine  
  161  10:13  Viking  
  169  10:15  Terran Infantry Weapons Level 2  
  169  10:18  Marine x2  
  169  10:20  Marine x2  
  173  10:26  Marauder  
  174  10:36  Marine  
  174  10:38  Ghost  
  174  10:39  Marine x2  
  179  10:44  Barracks  
  179  10:47  Viking, Barracks x2  
  171  10:50  Terran Infantry Armor Level 2, Starport  
  171  10:55  SCV x3, Ghost  
  176  11:07  SCV x2  
  176  11:09  SCV  
  176  11:10  Ghost x2  
  183  11:15  Planetary Fortress  
  183  11:18  Terran Ship Weapons Level 1  
  183  11:19  SCV  
  183  11:21  SCV x2  
  183  11:22  Viking  
  183  11:24  Refinery  
  183  11:25  Refinery, Viking  
  188  11:29  Ghost  
  188  11:31  SCV  
  193  11:39  Ghost  
  195  11:40  Marine  
  195  11:45  Command Center  
  194  11:47  Viking x2  
  194  11:49  Barracks Tech Lab x2  
  194  11:50  Barracks Reactor  
  194  11:53  Viking  
  200  12:00  Marine, Ghost  
  190  12:01  Marine  
  190  12:04  Viking  
  190  12:10  Marauder x2  
  190  12:11  Marauder  
  195  12:17  Viking  
  195  12:21  Starport  
  195  12:22  Missile Turret  
  197  12:23  Missile Turret  
  197  12:24  Viking, Sensor Tower  
  199  12:41  Command Center  
  197  12:55  Viking  
  197  12:57  Ghost  
  191  13:07  Marauder  
Tags
 
Add a new tag
Caveats
  • Supply blocks, unpowered buildings, or Contaminate may cause inaccurate times.
  • Supply counts are checked every 10 seconds.